 Dungeon Crawl Stone Soup version 0.31.0-12-g77e489cdc1 (webtiles) character file.

Game seed: 8134978749312420693

328 Curundu the Chopper (level 6, -1/53 HPs)
             Began as a Minotaur Berserker on Feb 26, 2024.
             Was a Believer of Trog.
             Succumbed to a scorpion's poison
             ... on level 4 of the Dungeon.
             The game lasted 00:08:48 (3161 turns).

Curundu the Chopper (Minotaur Berserker)            Turns: 3161, Time: 00:08:49

Health: -1/53      AC:  4    Str: 24    XL:     6   Next: 25%
Magic:  5/5        EV: 11    Int:  4    God:    Trog [**....]
Gold:   210        SH:  7    Dex:  9    Spells: 5/5 levels left

rFire   . . .        a - +0 hand axe
rCold   . . .        d - +0 kite shield
rNeg    . . .        b - +0 animal skin
rPois   .            (helmet restricted)
rElec   .            n - +0 cloak
rCorr   .            m - +0 pair of gloves
SInv    .            (no boots)
Will    .....        (no amulet)
Stlth   +            (no ring)
HPRegen 0.28/turn    (no ring)
MPRegen 0.09/turn

%: no passive effects
@: lethally poisoned (-1 -> -13), marked
A: horns 2, retaliatory headbutt
a: Renounce Religion, Berserk, Trog's Hand


You were on level 4 of the Dungeon.
You worshipped Trog.
Trog was pleased with you.
You visited 1 branch of the dungeon, and saw 4 of its levels.

You collected 210 gold pieces.

Inventory:

Hand Weapons
 a - a +0 hand axe (weapon)
Missiles
 s - 2 boomerangs (quivered)
Armour
 b - a +0 animal skin (worn)
 d - a +0 kite shield (worn)
 m - a +0 pair of gloves (worn)
 n - a +0 cloak (worn)
Jewellery
 o - an amulet of the acrobat
Wands
 q - a wand of light (7)
Scrolls
 c - a scroll of blinking {unknown}
 h - 2 scrolls of amnesia {unknown}
 i - 2 scrolls of teleportation {unknown}
 j - a scroll of poison {unknown}
 k - a scroll of identify {unknown}
 l - a scroll of enchant weapon {unknown}
 p - a scroll of vulnerability {unknown}
 r - a scroll of brand weapon {unknown}
Potions
 e - a potion of resistance {unknown}
 f - 3 potions of lignification {unknown}
 g - 2 potions of might {unknown}


   Skills:
 + Level 4.7 Fighting
 + Level 5.7 Axes
 * Level 3.7 Armour
 * Level 3.7 Dodging
 * Level 2.8 Shields


You had 5 spell levels left.
You didn't know any spells.
Your spell library was empty.

Dungeon Overview and Level Annotations

Branches:
Dungeon (4/15)
 Temple: D:4-7

Altars:
Gozag

Shops:
D:2 *


Innate Abilities, Weirdness & Mutations

You have a pair of horns on your head.
You reflexively headbutt those who attack you in melee.


Message History

You hit the centaur but do no damage.
The centaur is heavily wounded.
The centaur hits you but does no damage.
You block the centaur's attack. The centaur hits you.
The centaur completely misses you.
You closely miss the centaur.
The centaur is heavily wounded.
The centaur completely misses you.
The centaur kicks you but does no damage.
The centaur barely misses you. x2
You fail to use your ability.
The centaur closely misses you. The centaur barely misses you.
A goblin comes into view. It is wielding a +0 club.
You slash the centaur!
You kill the centaur!
Trog accepts your kill. The scorpion stings you.
* * * LOW HITPOINT WARNING * * *
You are poisoned.
The scorpion poisons you!
You have reached level 6!
You barely miss the scorpion.
You feel very sick. The scorpion stings you.
* * * LOW HITPOINT WARNING * * *
You hit the scorpion but do no damage. You headbutt the scorpion.
The scorpion is lightly wounded.
You feel sick. The scorpion stings you.
* * * LOW HITPOINT WARNING * * *
You are lethally poisoned!
The scorpion poisons you!
You barely miss the scorpion.
The scorpion is lightly wounded.
* * * LOW HITPOINT WARNING * * *
You feel very sick. The scorpion misses you. You furiously retaliate!
You headbutt the scorpion.
The scorpion stings you but does no damage.
You slash the scorpion! Your headbutt misses the scorpion.
The scorpion is severely wounded.
You die...

###.#......#.#......
###...#...####'####...
#####.........#.^#.#^.#
##....##......##^#.#^##
....####...#..#.^#.#^.#
..### ##.....##^#.#^##
### #...#.#.^#.#^.# #
#...#.####'####.#
##..#.gs@...:...#
#.....##########
#....## #...## # ##.. .
#.. . #.. #..


You could see a scorpion and a goblin.

Vanquished Creatures
  A centaur (D:4)
  A howler monkey (D:3)
  Crazy Yiuf (D:3)
  Jessica (D:2)
  An iguana (D:4)
  Natasha (twice) (D:2)
  2 adders (D:2)
  A ribbon worm (D:3)
  10 endoplasms
  2 giant cockroaches (D:1)
  4 goblins
  9 hobgoblins
  10 kobolds
  A quokka (D:1)
  8 ball pythons
  6 bats
  4 frilled lizards
  4 rats
68 creatures vanquished.

Notes
Turn   | Place    | Note
-------+----------+-------------------------------------------
     0 | D:1      | Curundu the Minotaur Berserker began the quest for the Orb.
     0 | D:1      | Reached XP level 1. HP: 19/19 MP: 0/0
   181 | D:1      | Reached skill level 4 in Axes
   181 | D:1      | Reached XP level 2. HP: 27/27 MP: 1/1
   597 | D:1      | Reached ** piety under Trog
   658 | D:1      | Reached XP level 3. HP: 33/33 MP: 2/2
  1271 | D:2      | Found Oxzuluch's General Store.
  1398 | D:2      | Noticed Jessica
  1406 | D:2      | Killed Jessica
  1407 | D:2      | Reached skill level 1 in Shields
  1407 | D:2      | Reached XP level 4. HP: 36/41 MP: 3/3
  1408 | D:2      | Reached skill level 5 in Axes
  1453 | D:2      | Noticed Natasha
  1462 | D:2      | Killed Natasha
  1688 | D:2      | Noticed Natasha
  1694 | D:2      | Killed Natasha
  1695 | D:2      | Reached XP level 5. HP: 47/47 MP: 4/4
  1859 | D:3      | Found an opulent altar of Gozag.
  2405 | D:3      | Found a runed translucent door.
  2406 | D:3      | Noticed Crazy Yiuf
  2412 | D:3      | Killed Crazy Yiuf
  3146 | D:4      | Noticed a centaur
  3157 | D:4      | Killed a centaur
  3158 | D:4      | Reached XP level 6. HP: 16/53 MP: 5/5
  3161 | D:4      | Succumbed to a scorpion's poison

Illustrated notes

Levels and vault maps discovered:
D:1:      dpeg_arrival_short_road, layout_loops_corners
D:2:      layout_loops_ring, serial_shops, nicolae_shop_behind_doors,
          uniq_natasha, uniq_jessica
D:3:      layout_basic, lemuel_round_altar, uniq_crazy_yiuf_cottage
D:4:      layout_cave_pods, minmay_misc_feat_nine_boxes, grunt_tough_drop

Skill      XL: |  1  2  3  4  5 |
---------------+----------------+-----
Axes           | 4 5 |  5.7
Fighting       | 4 |  4.7
Armour         | 3 |  3.7
Shields        | 1 2 |  2.8
Dodging        | 3 |  3.7

Action                     |  1- 3 |  4- 6 || total
---------------------------+-------+-------++-------
  Melee: Hand axe          |    75 |    68 ||   143
         Headbutt          |     8 |     6 ||    14
 Invoke: Trog's Hand       |     1 |     3 ||     4
 Armour: Animal skin       |    52 |    35 ||    87
  Dodge: Dodged            |    46 |    43 ||    89
  Block: Kite shield       |    15 |    23 ||    38
